 Dungeon Crawl Stone Soup version 0.24.0-13-gcf9b3192b9 (webtiles) character file.

Game seed: 6642707525909664685, levelgen mode: deterministic

22234 Descartes the Nimble (level 12, -3/51 HPs)
             Began as a Spriggan Air Elementalist on Nov 10, 2019.
             Was an Initiate of Gozag.
             Slain by an eight-headed hydra (4 damage)
             ... on level 12 of the Dungeon.
             The game lasted 01:42:00 (23924 turns).

Descartes the Nimble (Spriggan Air Elementalist)   Turns: 23924, Time: 01:42:01

Health: -3/51      AC: 11    Str:  4    XL:     12   Next: 61%
Magic:  21/27      EV: 26    Int: 22    God:    Gozag
Gold:   2044       SH:  0    Dex: 14    Spells: 6/32 levels left

rFire    . . .     SeeInvis +   a - +2 war axe of the Onslaught {drain, rPois MR+ Dex-2}
rCold    . . .     Gourm    .   (shield restricted)
rNeg     . . .     Faith    .   B - +2 robe {MR+}
rPois    +         Spirit   .   M - +2 hat
rElec    .         Reflect  .   z - +0 cloak
rCorr    +         Harm     .   (gloves unavailable)
MR       ++++.                  (boots unavailable)
Stlth    +++++.....             L - amulet of magic regeneration
HPRegen  0.17/turn              f - +4 ring of protection
MPRegen  0.45/turn              N - ring of resist corrosion

@: very quick
A: very small, unfitting armour, see invisible, herbivore, speed 3, mutation
resistance 1, slow metabolism 2
a: Potion Petition, Call Merchant, Bribe Branch, Renounce Religion


You were on level 12 of the Dungeon.
You worshipped Gozag.
Gozag was most pleased with you.
You were very hungry.

You visited 3 branches of the dungeon, and saw 15 of its levels.

You collected 2230 gold pieces.
You spent 60 gold pieces at shops.
You paid 126 gold pieces to Gozag.

Inventory:

Hand Weapons
 a - the +2 war axe of the Onslaught (weapon) {drain, rPois MR+ Dex-2}
   (You found it on level 1 of the Lair of Beasts)

   A truly terrible weapon, it drains the life of those it strikes.
   It affects your dexterity (-2).
   It protects you from poison.
   It affects your resistance to hostile enchantments.
 b - a +1 hunting sling of flaming
 h - a +3 spear
 F - a +2 flail of holy wrath
 I - a +4 quarterstaff of protection
 V - a +3 whip of electrocution
 W - a +0 scimitar of flaming
Missiles
 d - 379 stones (quivered)
 i - 246 arrows
 n - 117 bolts
 o - 111 poisoned darts
 r - a throwing net
 y - 31 boomerangs
 A - 86 sling bullets
 U - 5 curare-tipped darts
Armour
 z - a +0 cloak (worn)
 B - a +2 robe of magic resistance (worn)
 M - a +2 hat (worn)
Jewellery
 f - a +4 ring of protection (left hand)
 g - an uncursed ring of wizardry
 H - an uncursed ring of ice
 L - an amulet of magic regeneration (around neck)
 N - a ring of resist corrosion (right hand)
Wands
 x - a wand of flame (5)
 G - a wand of acid (31)
 Q - a wand of random effects (14)
 T - a wand of polymorph (6)
 X - a wand of iceblast (9)
Scrolls
 l - 8 scrolls of teleportation
 m - a scroll of enchant armour
 p - a scroll of magic mapping {unknown}
 q - a scroll of random uselessness {unknown}
 t - 3 scrolls of enchant weapon {unknown}
 u - 5 scrolls of remove curse
 v - 5 scrolls of fear
 w - a scroll of amnesia {unknown}
 C - 3 scrolls of noise
 K - a scroll of immolation
 S - 2 scrolls of blinking
 Y - a scroll of fog {unknown}
Potions
 e - a potion of heal wounds
 j - 2 potions of brilliance
 s - a potion of ambrosia {unknown}
 D - 5 potions of curing
 E - a potion of flight
 J - 2 potions of haste
 P - a potion of cancellation {unknown}
Miscellaneous
 O - a lightning rod (3/4)
 Z - a crystal ball of energy
Comestibles
 c - 12 rations


   Skills:
 - Level 5.0 Slings
 + Level 12.0 Dodging
 + Level 10.9 Stealth
 + Level 10.8 Spellcasting
 + Level 6.4 Conjurations
 - Level 3.0 Charms
 - Level 3.0 Translocations
 * Level 9.3 Air Magic
 - Level 5.0 Poison Magic
 + Level 9.1 Evocations


You had 6 spell levels left.
You knew the following spells:

 Your Spells              Type           Power        Failure   Level  Hunger
a - Shock                 Conj/Air       ####         1%          1    None
b - Magic Dart            Conj           ####         1%          1    None
c - Blink                 Tloc           N/A          2%          2    None
d - Mephitic Cloud        Conj/Pois/Air  #####...     1%          3    None
e - Swiftness             Chrm/Air       #####...     1%          2    None
f - Airstrike             Air            ######....   1%          4    #......
g - Sticks to Snakes      Tmut           ##......     9%          2    None
h - Static Discharge      Conj/Air       #####...     1%          3    None
i - Lightning Bolt        Conj/Air       #####.....   6%          5    ####...
j - Conjure Flame         Conj/Fire      ####....     4%          3    None

Your spell library contained the following spells:

 Spells                   Type           Power        Failure   Level  Hunger
 Beastly Appendage        Tmut           ##....       5%          1    None
 Spider Form              Tmut/Pois      ###.......   6%          3    None
 Call Imp                 Summ           ##......     9%          2    None
 Slow                     Hex            ##......     9%          2    None
 Ice Form                 Ice/Tmut       ##......     50%         4    #......
 Blade Hands              Tmut           ##........   83%         5    ####...


Dungeon Overview and Level Annotations

Branches:
Dungeon (12/15)            Temple (1/1) D:7            Lair (2/6) D:11
  Swamp: Lair:2-4    Shoals: Lair:2-4     Snake: Lair:2-4    Spider: Lair:2-4
    Orc: D:9-12

Altars:
Ashenzari
Cheibriados
Dithmenos
Elyvilon
Fedhas
Gozag
Hepliaklqana
Kikubaaqudgha
Makhleb
Nemelex Xobeh
Okawaru
Qazlal
Ru
Sif Muna
Trog
Uskayaw
Vehumet
Wu Jian
Xom
Yredelemnul
Zin
The Shining One

Shops:
D:6 (   D:8 *

Annotations:
D:11 2 runed translucent doors, AlterAsc's ghost, journeyman VSTm


Innate Abilities, Weirdness & Mutations

You are very small and have problems with some larger weapons.
You are too small for most types of armour.
You have supernaturally acute eyesight. (SInv)
You are a herbivore.
You cover ground extremely quickly.
You need to consume almost no food.
You are somewhat resistant to further mutation.


Message History

Aim: an eight-headed hydra (lightly wounded)
The thunderbolt hits the eight-headed hydra!!
The eight-headed hydra is moderately wounded.
The eight-headed hydra misses you.
The eight-headed hydra closely misses you.
The eight-headed hydra bites you!
The eight-headed hydra bites you but does no damage. x2
The eight-headed hydra closely misses you.
The eight-headed hydra bites you.
The eight-headed hydra barely misses you.
The eight-headed hydra completely misses you.
The eight-headed hydra bites you! The eight-headed hydra bites you.
The eight-headed hydra bites you!
* * * LOW HITPOINT WARNING * * *
The eight-headed hydra misses you. The eight-headed hydra bites you!
* * * LOW HITPOINT WARNING * * *
The eight-headed hydra barely misses you.
The eight-headed hydra bites you.
You die...
Your body crumbles into a pile of gold.

##### ##### #...#
...####...#
#.#.##...########
#####....@..........###
#.......D.......###...#
...###.................#
$ #.#.##.....)......#
#.#.##...#..#)#...#
#$#.##...#...<....#
..#+######..#.#...# ##$
#.......## $ #.......#


You could see an eight-headed hydra.

Vanquished Creatures
  Gastronok (D:8)
  2 hydras
  Harold (D:8)
  Erica (D:11)
  A two-headed ogre (D:8)
  A deep elf knight (D:11)
  A wizard (D:11)
  2 orc knights (D:11)
  A manticore (D:11)
  Joseph (D:8)
  2 black mambas
  3 spiny frogs (Lair:1)
  2 centaur skeletons
  A gargoyle (D:10)
  2 kobold demonologists (D:11)
  2 trolls
  A hornet (D:11)
  5 hippogriffs
  A blink frog (Lair:2)
  4 yaks
  A vampire (D:11)
  2 wyverns
  A human (D:12)
  2 vampire mosquitoes (D:12)
  4 hungry ghosts
  A warg (D:12)
  An acid dragon (D:9)
  4 water moccasins
  2 porcupines (Lair:1)
  A black bear (D:8)
  2 ice beasts (D:8)
  5 orc warriors
  2 phantoms
  An eye of draining (D:11)
  A necrophage (D:11)
  A sky beast (D:6)
  9 centaurs
  5 ogres
  5 wolves
  4 crocodiles
  12 big kobolds
  11 bullfrogs
  A wyvern zombie (D:6)
  A scorpion (D:5)
  17 killer bees
  6 howler monkeys
  4 crimson imps
  5 bullfrog zombies
  8 hounds
  7 orc priests
  2 bullfrog skeletons
  2 jellies
  Jessica (D:2)
  Terence (D:1)
  4 iguanas
  7 orc wizards
  9 worker ants
  2 hound skeletons
  Robin (D:2)
  A howler monkey zombie (D:5)
  16 gnolls
  14 adders
  2 shadow imps
  2 oozes
  An adder skeleton (D:8)
  A worm (D:2)
  A dart slug (D:2)
  9 leopard geckos
  46 orcs
  2 bats (D:3)
  A giant cockroach (D:4)
  18 goblins
  5 hobgoblins
  7 jackals
  4 quokkas
  2 ball pythons
  A ball python skeleton (D:3)
  8 frilled lizards
  17 kobolds
  8 rats
356 creatures vanquished.

Vanquished Creatures (collateral kills)
  A water moccasin (Lair:1)
1 creature vanquished.

Vanquished Creatures (others)
  A deep elf knight (D:11)
  3 fungi (Lair:2)
  A plant (Lair:2)
5 creatures vanquished.

Grand Total: 362 creatures vanquished

Notes
Turn   | Place    | Note
-------+----------+-------------------------------------------
     0 | D:1      | Descartes the Spriggan Air Elementalist began the quest for
                  | the Orb.
     0 | D:1      | Reached XP level 1. HP: 9/9 MP: 5/5
   261 | D:1      | Reached XP level 2. HP: 13/13 MP: 1/6
   420 | D:1      | Reached skill level 1 in Conjurations
   832 | D:2      | Found a sacrificial altar of Ru.
   896 | D:2      | Reached XP level 3. HP: 16/16 MP: 1/8
   955 | D:2      | Learned a level 2 spell: Swiftness
   958 | D:2      | Noticed Terence
  1480 | D:2      | Noticed Jessica
  2240 | D:2      | Reached XP level 4. HP: 21/21 MP: 2/10
  2595 | D:2      | Killed Jessica
  2699 | D:2      | Learned a level 2 spell: Sticks to Snakes
  3256 | D:1      | Killed Terence
  3256 | D:1      | Reached skill level 4 in Dodging
  3256 | D:1      | Reached XP level 5. HP: 24/24 MP: 1/12
  3552 | D:2      | Learned a level 4 spell: Airstrike
  3567 | D:2      | Noticed Robin
  3572 | D:2      | Killed Robin
  3862 | D:2      | Noticed Sigmund
  4338 | D:2      | Found a shimmering blue altar of Sif Muna.
  4671 | D:2      | Found a sacrificial altar of Ru.
  4790 | D:2      | Noticed Sigmund
  4790 | D:2      | Sigmund changed into Sigmund the boggart
  5000 | D:2      | Noticed Sigmund
  5000 | D:2      | Sigmund the boggart changed into Sigmund the killer bee
  5002 | D:2      | Killed Sigmund the killer bee
  5100 | D:2      | Found a shimmering blue altar of Sif Muna.
  5589 | D:3      | Gained mutation: You are somewhat resistant to further
                  | mutation. [potion of mutation]
  5663 | D:3      | Reached XP level 6. HP: 28/28 MP: 6/14
  5759 | D:3      | Reached skill level 5 in Spellcasting
  5848 | D:3      | Reached skill level 5 in Stealth
  5925 | D:3      | Learned a level 1 spell: Magic Dart
  5929 | D:3      | Learned a level 3 spell: Mephitic Cloud
  6408 | D:3      | Reached skill level 1 in Charms
  6510 | D:3      | Found an iron altar of Okawaru.
  6929 | D:3      | Learned a level 2 spell: Blink
  7503 | D:4      | Reached skill level 1 in Poison Magic
  7537 | D:4      | Reached XP level 7. HP: 32/32 MP: 12/15
  7698 | D:4      | Reached skill level 5 in Dodging
  7698 | D:4      | Reached skill level 1 in Translocations
  7826 | D:4      | Found a bloodstained altar of Trog.
  7964 | D:5      | Entered Level 5 of the Dungeon
  8384 | D:5      | Reached skill level 1 in Slings
  8892 | D:5      | Found a hazy altar of Hepliaklqana.
  9193 | D:5      | Noticed a hungry ghost
  9252 | D:5      | Reached XP level 8. HP: 36/36 MP: 10/17
  9388 | D:5      | Learned a level 3 spell: Static Discharge
  9919 | D:6      | Found Onion's Weapon Emporium.
 10006 | D:6      | Reached skill level 6 in Dodging
 10188 | D:6      | Found a glowing golden altar of the Shining One.
 10188 | D:6      | Found a shattered altar of Ashenzari.
 10285 | D:6      | Found a glowing silver altar of Zin.
 10957 | D:6      | Found an opulent altar of Gozag.
 11028 | D:6      | Became a worshipper of Gozag Ym Sagoz the Greedy
 11247 | D:7      | Found a staircase to the Ecumenical Temple.
 11256 | Temple   | Entered the Ecumenical Temple
 11836 | D:7      | Noticed a hippogriff
 11842 | D:7      | Killed a hippogriff
 11842 | D:7      | Reached skill level 7 in Dodging
 11842 | D:7      | Reached skill level 5 in Air Magic
 11842 | D:7      | Reached skill level 1 in Evocations
 11842 | D:7      | Reached XP level 9. HP: 39/39 MP: 4/20
 12387 | D:8      | Found Cenwoz's Assorted Antiques.
 12391 | D:8      | Bought a gluggy blue potion for 28 gold pieces
 12391 | D:8      | Bought a scroll labeled ENAIKE TYSHU for 32 gold pieces
 12533 | D:8      | Noticed a two-headed ogre
 12569 | D:8      | Killed a two-headed ogre
 12715 | D:8      | Noticed Gastronok
 13066 | D:8      | Noticed Joseph
 13081 | D:8      | Reached skill level 8 in Dodging
 13102 | D:8      | Killed Joseph
 13859 | D:8      | Killed Gastronok
 13859 | D:8      | Reached skill level 9 in Dodging
 13859 | D:8      | Reached skill level 10 in Stealth
 13859 | D:8      | Reached skill level 5 in Evocations
 13859 | D:8      | Reached XP level 10. HP: 21/44 MP: 5/23
 14185 | D:8      | Learned a level 5 spell: Lightning Bolt
 14507 | D:9      | Noticed Harold
 14849 | D:9      | Reached skill level 5 in Conjurations
 14862 | D:9      | Reached skill level 10 in Dodging
 15358 | D:8      | Killed Harold
 15358 | D:8      | Reached XP level 11. HP: 25/47 MP: 16/25
 15577 | D:9      | Found a white marble altar of Elyvilon.
 15913 | D:10     | Entered Level 10 of the Dungeon
 16921 | D:11     | Found a runed translucent door.
 16924 | D:11     | Found a runed translucent door.
 16955 | D:11     | Noticed an ettin
 16955 | D:11     | Noticed a sphinx
 16956 | D:11     | Noticed a skeletal warrior
 16957 | D:11     | Noticed a lich
 16961 | D:11     | Noticed AlterAsc's ghost (journeyman VSTm)
 16961 | D:11     | Noticed a necromancer
 17021 | D:11     | Noticed a five-headed hydra
 17257 | D:10     | Killed a five-headed hydra
 17865 | D:11     | Noticed Erica
 17871 | D:11     | Noticed an orc knight
 17873 | D:11     | Noticed a deep elf knight
 17904 | D:11     | Killed Erica
 17904 | D:11     | Reached skill level 11 in Dodging
 17910 | D:11     | Killed an orc knight
 17916 | D:11     | Killed a deep elf knight
 17916 | D:11     | Reached skill level 10 in Spellcasting
 18013 | D:11     | Noticed a deep elf knight
 18020 | D:11     | Noticed a wizard
 18032 | D:11     | Banished a deep elf knight
 18060 | D:11     | Killed a wizard
 18239 | D:11     | Noticed a +7 double sword
 18573 | D:11     | Found a staircase to the Lair.
 18760 | Lair:1   | Entered Level 1 of the Lair of Beasts
 18766 | Lair:1   | Reached XP level 12. HP: 51/51 MP: 27/27
 19384 | Lair:1   | Learned a level 3 spell: Conjure Flame
 19459 | Lair:1   | Got a twisted war axe
 19467 | Lair:1   | Identified the cursed +2 war axe of the Onslaught {drain,
                  | rPois MR+ Dex-2} (You found it on level 1 of the Lair of
                  | Beasts)
 19675 | Lair:1   | Noticed an eight-headed hydra
 19780 | Lair:1   | Reached skill level 5 in Slings
 20050 | Lair:1   | Reached skill level 5 in Poison Magic
 21027 | Lair:1   | Killed an eight-headed hydra
 23287 | D:11     | Reached skill level 12 in Dodging
 23917 | D:12     | Noticed an eight-headed hydra
 23924 | D:12     | HP: 1/51 [eight-headed hydra (10)]
 23924 | D:12     | Slain by an eight-headed hydra

Levels and vault maps discovered:
D:1:      lemuel_arrival_behind_the_door_large, layout_basic
D:2:      layout_basic, nicolae_ru_sacrificial_ziggurat, led_sif_pool,
          first_ration, uniq_terence, uniq_robin, uniq_sigmund, uniq_jessica
D:3:      layout_basic, okawaru_altar_gauntlet_db
D:4:      layout_rooms, kennysheep_mini_moat
D:5:      layout_loops_cross, lemuel_doored_altar, cheibrodos_gnoll_hut
D:6:      layout_loops_ring, nicolae_gozag_cash_rules_everything_around_me,
          zin_academy, gammafunk_temple_overflow_elements, serial_shops, shop
D:7:      layout_cave_pools, minmay_temple_entry_waves
D:8:      layout_rooms, serial_shops, nicolae_shop_trees, uniq_joseph,
          uniq_gastronok
D:9:      layout_cave_pools, elyvilon_altar_5, grunt_pizzeria, uniq_harold
D:10:     layout_gridville
D:11:     layout_loops_ring, lair_entry_dummy, muffindrake_ghost_dual_entry,
          special_room [special_room_kobold], sword_in_stone
D:12:     layout_loops_corners, erik_orc_4, st_stairs_14, uniq_maurice
Temple:   minmay_temple_bridge_abc
Lair:1:   layout_layer_cave, columned_hall_lemuel
Lair:2:   layout_misc_corridors, guppyfry_snake_entry_island, minivault_19,
          chequers_serial_rivers_micro_e, lemuel_fruit_fields, uniq_erica

Skill      XL: |  1  2  3  4  5  6  7  8  9 10 11 12 |
---------------+-------------------------------------+-----
Conjurations   | 1 2 3 4 5 6 |  6.4
Spellcasting   | 3 4 5 6 8 9 10 | 10.8
Air Magic      | 3 4 5 6 8 9 |  9.3
Stealth        | 4 5 6 7 10 | 10.9
Dodging        | 4 5 7 9 10 11 12 | 12.0
Charms         | 1 3 |  3.0
Poison Magic   | 1 3 4 5 |  5.0
Translocations | 2 3 |  3.0
Slings         | 1 2 4 5 |  5.0
Evocations     | 1 5 6 8 9 |  9.1

Action                   |  1- 3 |  4- 6 |  7- 9 | 10-12 || total
-------------------------+-------+-------+-------+-------++-------
Melee: Dagger            |       |    38 |       |       ||    38
       Quarterstaff      |       |       |       |    44 ||    44
       Whip              |       |       |       |    69 ||    69
       War axe           |       |       |       |    63 ||    63
 Fire: Hunting sling     |       |     3 |    40 |       ||    43
 Cast: Shock             |    89 |   277 |   339 |   637 ||  1342
       Airstrike         |       |     1 |    12 |    62 ||    75
       Magic Dart        |       |     8 |     2 |       ||    10
       Mephitic Cloud    |       |       |     5 |    48 ||    53
       Blink             |       |       |       |     7 ||     7
       Sticks to Snakes  |       |       |       |     3 ||     3
       Static Discharge  |       |       |       |    19 ||    19
Evoke: Wand              |       |     3 |     4 |     3 ||    10
       Lightning rod     |       |       |       |     2 ||     2
  Use: Scroll            |       |     4 |     7 |     7 ||    18
       Potion            |       |     1 |       |     2 ||     3
 Stab: Confused          |       |       |       |     1 ||     1
       Distracted        |       |       |       |     1 ||     1
       Sleeping          |       |       |       |     1 ||     1
  Eat: Ration            |       |     2 |     3 |     6 ||    11
Armor: Robe              |     4 |    14 |    13 |    66 ||    97
       Skin              |       |       |       |    10 ||    10
Dodge: Dodged            |    28 |    82 |   110 |   528 ||   748
